 Dungeon Crawl Stone Soup version 0.27.1-33-g824d729ab1 (webtiles) character file.

Game seed: 14161359302285754472

4 Thatpatchoflichen the Ruffian (level 1, -1/16 HPs)
             Began as a Draconian Transmuter on Dec 17, 2021.
             Slain by a kobold (2 damage)
             ... on level 1 of the Dungeon.
             The game lasted 00:00:59 (104 turns).

Thatpatchoflichen the Ruffian (Draconian Transmuter) Turns: 104, Time: 00:01:00

Health: -1/16      AC:  4    Str: 12    XL:     1   Next: 58%
Magic:  3/3        EV: 12    Int: 13    God:
Gold:   0          SH:  0    Dex: 11    Spells: 3/4 levels left

rFire    . . .     SeeInvis .     - Unarmed
rCold    . . .     Faith    .   (no shield)
rNeg     . . .     Spirit   .   (armour unavailable)
rPois    .         Reflect  .   (helmet restricted)
rElec    .         Harm     .   (no cloak)
rCorr    .         Rampage  .   (no gloves)
Will     .....                  (no boots)
Stlth    +.........             (no amulet)
HPRegen  0.05/turn              (no ring)
MPRegen  0.08/turn              (no ring)

@: no status effects
A: AC +4, unfitting armour, cold-blooded
a: no special abilities


You were on level 1 of the Dungeon.
You visited 1 branch of the dungeon, and saw 1 of its levels.

Inventory:

Potions
 a - a potion of haste {unknown}


   Skills:
 + Level 1.1 Fighting
 + Level 1.7 Dodging
 + Level 3.3 Unarmed Combat
 - Level 2.0 Spellcasting
 + Level 2.0 Transmutations


You had 3 spell levels left.
You knew the following spells:

 Your Spells              Type           Power      Damage    Failure   Level
a - Beastly Appendage     Tmut           12%        N/A       11%         1

Your spell library contained the following spells:

 Spells                   Type           Power      Damage    Failure   Level
 Wereblood                Tmut           6%         N/A       17%         2
 Spider Form              Tmut/Pois      1%         N/A       45%         3
 Ice Form                 Ice/Tmut       3%         N/A       86%         4


Dungeon Overview and Level Annotations

Branches:
Dungeon (1/15)

Altars:


Innate Abilities, Weirdness & Mutations

Your plain brown scales are hard. (AC +4)
You cannot fit into any form of body armour.
You are cold-blooded and may be slowed by cold attacks.


Message History

You hit the frilled lizard.
You kill the frilled lizard!
You see here a frilled lizard corpse.
Your transformation is almost over.
Found a silvery potion.
Your horns disappear.
Your talons disappear.
a - a silvery potion An endoplasm comes into view.
Found a scroll labelled CORHATIOLO.
A kobold comes into view. It is wielding a +0 club.
The kobold shouts!
The endoplasm quivers.
The kobold throws a stone.
The stone closely misses you.
You hit the endoplasm but do no damage.
The endoplasm hits you but does no damage.
You hit the endoplasm.
The endoplasm is almost dead.
The endoplasm freezes you.
You are frozen.
You feel yourself slow down.
You hit the endoplasm but do no damage.
The endoplasm is almost dead.
The endoplasm misses you. The kobold hits you with a +0 club.
The endoplasm freezes you.
You are frozen.
The kobold closely misses you.
You hit the endoplasm but do no damage.
The endoplasm is almost dead.
The endoplasm freezes you.
You are frozen.
The kobold hits you with a +0 club.
* * * LOW HITPOINT WARNING * * *
You hit the endoplasm but do no damage.
The endoplasm is almost dead.
The endoplasm barely misses you. The kobold hits you with a +0 club.
* * * LOW HITPOINT WARNING * * *
The endoplasm barely misses you. The kobold hits you but does no damage.
You hit the endoplasm but do no damage. You tail-slap the endoplasm.
You kill the endoplasm!
The kobold barely misses you.
You feel yourself speed up. The kobold barely misses you.
The kobold hits you with a +0 club.
You die...

#.#.......#
♣♣##.#.......#
..#.........#
..........?#
♣.........#####
######
♣.............
###....#
♣.............
........
♣.....@.......
###....#
♣#.###K.......
#.......
#..####.....#
#.#....# ##.#
.#.#.###.#....#
#.## #
......#..... .
#..#
#......##..
...####.###
.####.#..#
..........#♣ ♣.
#...#.
....#......♣
♣.. #.#..#


You could see a kobold.

Vanquished Creatures
  An endoplasm (D:1)
  A giant cockroach (D:1)
  A hobgoblin (D:1)
  A frilled lizard (D:1)
4 creatures vanquished.

Notes
Turn   | Place    | Note
-------+----------+-------------------------------------------
     0 | D:1      | Thatpatchoflichen the Draconian Transmuter began the quest
                  | for the Orb.
     0 | D:1      | Reached XP level 1. HP: 16/16 MP: 3/3
   104 | D:1      | Slain by a kobold

Illustrated notes

Levels and vault maps discovered:
D:1:      scummos_arrival_hexagon, layout_basic, serial_forest,
          infiniplex_forest_straight_2, infiniplex_forest_end_2,
          infiniplex_forest_straight_3, infiniplex_forest_pool,
          infiniplex_forest_end_double, infiniplex_forest_end_2,
          infiniplex_forest_lined_3, infiniplex_forest_clump_large,
          infiniplex_forest_clump_long

Action                   || total
-------------------------++-------
Melee: Unarmed           ||    11
       Kick              ||     1
       Headbutt          ||     1
       Tailslap          ||     1
       Punch             ||     1
 Cast: Beastly Appendage ||     3
Armor: Skin              ||     3
Dodge: Dodged            ||     9
